AoeStats
← Sir Lilo

Nomad

503625033Analyzed
2v2 RM · 1mo ago on Sep 1, 2026· 49m 58s· 4 players
Game mode
Random Map
Map size
176×176
Population
200
Speed
Normal
Resources
Standard
Victory
Conquest
Starting age
Dark Age
Ending age
Imperial Age
RankedLock teamsTeams togetherTeam positionsShared explorationLock speedFull tech treeHidden civsTurbo modeCheats
Victory
Defeat
🇨🇳 Huns · China
915
+17
🇮🇳 Dravidians · India
911
+17
🇨🇱 Byzantines · Chile
938
-17
🇩🇴 Berbers · Dominican Republic
925
-43
°
3:14 Loom
4:15 Loom
15:29 Feudal Age
15:47 Man-at-Arms
16:13 Arson
16:11 Fishing Lines
16:17 Double-Bit Axe
16:56 Forging
16:46 Scale Mail Armor
18:13 Wheelbarrow
刚被警方控制
12:25 Loom
14:18 Feudal Age
20:51 Castle Age
18:46 Double-Bit Axe
22:14 Wheelbarrow
25:22 Bow Saw
30:40 Hand Cart
36:06 Imperial Age
35:27 Marauders
36:55 Husbandry
37:05 Bloodlines
37:06 Scale Barding Armor
37:12 Forging
37:07 Elite Tarkan
38:08 Conscription
37:52 Horse Collar
38:17 Gold Mining
39:22 Chain Barding Armor
39:11 Heavy Plow
40:08 Iron Casting
40:41 Gold Shaft Mining
44:28 Plate Barding Armor
44:54 Blast Furnace
47:53 Spies/Treason
Lobezno
6:13 Loom
20:51 Feudal Age
27:28 Wheelbarrow
30:10 Double-Bit Axe
34:26 Gold Mining
36:14 Horse Collar
43:53 Man-at-Arms
44:31 Town Watch
Sir Lilo
7:59 Loom
14:42 Feudal Age
16:05 Double-Bit Axe
22:15 Forging
24:57 Castle Age
31:39 Wheelbarrow
34:00 Scale Barding Armor
34:06 Husbandry
36:59 Chain Barding Armor
37:15 Iron Casting
37:15 Horse Collar
40:28 Imperial Age
40:18 Ballistics
Connection lost

Rejoining the realm…

Still unreachable

The connection could not be restored.

Session expired

The server has moved on; the page needs a fresh start.